 Dungeon Crawl Stone Soup version 0.19-a0-1007-g133f65f (webtiles) character file.

88 vatarom the Sneak (level 4, -2/21 HPs)
             Began as a Spriggan Enchanter on July 12, 2016.
             Was an Initiate of Ashenzari.
             Killed from afar by Natasha (5 damage)
             ... with a magic dart
             ... on level 2 of the Dungeon on July 19, 2016.
             The game lasted 00:06:04 (1632 turns).

vatarom the Sneak (Spriggan Enchanter)              Turns: 1632, Time: 00:06:05

Health: -2/21      AC:  3    Str:  5    XL:     4   Next: 30%
Magic:  5/9        EV: 13    Int: 16    God:    Ashenzari [......]
Gold:   96         SH:  0    Dex: 16    Spells: 2 memorised, 5 levels left

rFire  . . .     SeeInvis +     a - +1 dagger
rCold  . . .     Gourm    .     b - +1 robe
rNeg   . . .     Faith    .     (shield restricted)
rPois  +         Spirit   .     (helmet restricted)
rElec  .         Dismiss  .     (no cloak)
rCorr  .         Reflect  .     (gloves unavailable)
SustAt .         Harm     .     (boots unavailable)
MR     .....                    (no amulet)
Stlth  +++.......               (no ring)
                                i - ring of poison resistance

@: very quick, not resistant to hostile enchantments, fairly stealthy
A: unfitting armour, see invisible, herbivore 3, speed 3, slow metabolism 2
a: Curse Item, Renounce Religion


You were on level 2 of the Dungeon.
You worshipped Ashenzari.
Ashenzari was noncommittal.
You were not hungry.

You visited 1 branch of the dungeon, and saw 2 of its levels.

You collected 96 gold pieces.

Inventory:

Hand Weapons
 a - a +1 dagger (weapon)
Armour
 b - a +1 robe (worn)
Jewellery
 i - a ring of poison resistance (left hand)
Scrolls
 f - 3 scrolls of teleportation
 g - a scroll of remove curse
 h - 2 scrolls of identify
Potions
 e - a potion of cure mutation {unknown}
Books
 c - a book of Maledictions

   Spells                             Type                      Level
   a - Corona                         Hexes                        1
   b - Ensorcelled Hibernation        Hexes/Ice                    2
   c - Confuse                        Hexes                        3
   d - Tukima's Dance                 Hexes                        3
   e - Dazzling Spray                 Conjuration/Hexes            3
Comestibles
 d - a bread ration


   Skills:
 - Level 0.8 Fighting
 * Level 4.1 Short Blades
 - Level 3.0 Dodging
 - Level 4.8 Stealth
 - Level 2.6 Spellcasting
 - Level 3.6 Hexes


You had 5 spell levels left.
You knew the following spells:

 Your Spells              Type           Power        Failure   Level  Hunger
a - Corona                Hex            ##.....      6%          1    #......
b - Ensorcelled Hibernat  Hex/Ice        #.....       17%         2    ##.....


Dungeon Overview and Level Annotations

Branches:
Dungeon (2/15)

Altars:
Ashenzari

Annotations:
D:2 Natasha, Robin


Innate Abilities, Weirdness & Mutations

You are tiny and cannot use many weapons and most armour.
You have supernaturally acute eyesight. (SInv)
You are a herbivore.
You cover ground extremely quickly.
You need consume almost no food.


Message History

You barely miss the hobgoblin.
Casting: Ensorcelled Hibernation
Confirm with . or Enter, or press ? or * to list all spells.
Aiming: Ensorcelled Hibernation
Press: ? - help, Shift-Dir - straight line, f - hobgoblin, p - hobgoblin
Aim: a hobgoblin, wielding a club (unusually strong, chance to defeat MR: 78%)
The hobgoblin resists with significant effort.
Natasha hisses angrily.
The hobgoblin hits you.
Natasha extends her claws.
A giant cockroach comes into view.
Natasha casts a spell at you. The magic dart hits you!
* * * LOW HITPOINT WARNING * * *
Natasha hisses.
The hobgoblin no longer looks unusually strong.
There is a stone staircase leading up here.
Natasha casts a spell at you. The magic dart hits you!
You die...

.####.#####.#....... ..#
...............##.#######.##
.# #.# ##....g.g.........#
)# #.#
##.##gg####.#####..###### .#
#.###......#
#....g.)g...g...
.####.##.......#
#..#####..######
............)gh###..# ....g.
......##........##..#
##.#####
#......[....#.#.@...# ###
......####.##...###.#
..##.########..## #)#
........# #..# #.# #.#<....#
#..# #.# #.#.#...# #..# #.#
#...#...#####..# #.#
#.#####.....>..# #.. #..
#.........[# ###


You could see Robin, Natasha and a hobgoblin.

Vanquished Creatures
  Terence (D:2)
  Natasha (D:2)
  A giant gecko (D:2)
  A ball python (D:1)
  2 giant cockroaches
  7 goblins
  6 hobgoblins
  4 bats
  A giant newt (D:1)
  4 kobolds (D:1)
  8 rats (D:1)
36 creatures vanquished.

Notes
Turn   | Place    | Note
-------+----------+-------------------------------------------
     0 | D:1      | vatarom the Spriggan Enchanter began the quest for the Orb.
     0 | D:1      | Reached XP level 1. HP: 9/9 MP: 5/5
     0 | D:1      | Upgraded the game from 0.19-a0-965-g50bf062 to 0.19-a0-975-gfff5315
     0 | D:1      | Upgraded the game from 0.19-a0-975-gfff5315 to 0.19-a0-1007-g133f65f
   531 | D:1      | Found a shattered altar of Ashenzari.
   895 | D:1      | Became a worshipper of Ashenzari the Shackled
   899 | D:1      | Reached XP level 2. HP: 14/14 MP: 6/6
  1048 | D:1      | Learned a level 2 spell: Ensorcelled Hibernation
  1325 | D:2      | Noticed Natasha
  1325 | D:2      | Reached XP level 3. HP: 12/17 MP: 2/8
  1356 | D:2      | Killed Natasha
  1389 | D:2      | Noticed Natasha
  1426 | D:2      | Noticed Terence
  1428 | D:2      | Killed Terence
  1428 | D:2      | Reached XP level 4. HP: 5/21 MP: 5/9
  1602 | D:2      | Noticed Robin
  1632 | D:2      | Killed from afar by Natasha

Vault maps used:
D:1:      eino_arrival_cavern_a, minmay_fountain_box, ashenzari_altar_1
D:2:      first_bread, uniq_natasha, uniq_robin, uniq_terence

Skill      XL: |  1  2  3  4 |
---------------+-------------+-----
Short Blades   | 2 3 4 |  4.1
Fighting       | |  0.8
Dodging        | |  3.0
Stealth        | |  4.8
Spellcasting   | |  2.6
Hexes          | |  3.6

Action                   |  1- 3 |  4- 6 || total
-------------------------+-------+-------++-------
Melee: Dagger            |   104 |    27 ||   131
 Cast: Corona            |     2 |       ||     2
       Ensorcelled Hiber |     3 |     2 ||     5
  Use: Scroll            |     5 |       ||     5
       Potion            |     1 |       ||     1
 Stab: Sleeping          |     7 |     1 ||     8
Armor: Robe              |    10 |     5 ||    15
Dodge: Dodged            |    78 |    20 ||    98
